 Dungeon Crawl Stone Soup version 0.30-a0-782-ge64f9170bb (webtiles) character file.

Game seed: 16669609309054818172

3507 vineage the Fighter (level 10, 0/102 HPs)
             Began as a Gargoyle Fighter on Mar 17, 2023.
             Slain by an orc wizard
             ... wielding a +0 dagger
              (2 damage)
             ... on level 8 of the Dungeon.
             The game lasted 00:07:26 (6594 turns).

vineage the Fighter (Gargoyle Fighter)              Turns: 6594, Time: 00:07:27

Health: 0/102      AC: 25    Str: 22    XL:     10   Next: 7%
Magic:  10/10      EV:  2    Int:  9    God:
Gold:   377        SH:  6    Dex: 17    Spells: 9/9 levels left

rFire   + . .      SeeInvis .    a - +1 flail
rCold   + . .      Faith    .    c - +0 buckler
rNeg    + . .      Spirit   .    (body armour currently unavailable)
rPois   ∞          Reflect  .    (helmet currently unavailable)
rElec   +          Harm     .    (cloak currently unavailable)
rCorr   +          Rampage  .    (gloves currently unavailable)
Will    .....      NoTele   +    (boots currently unavailable)
Stlth   ++                       m - amulet of the acrobat
HPRegen 0.37/turn                t - +6 ring of dexterity
MPRegen 0.12/turn                w - +5 ring of evasion

@: tree-form, resistant
A: stationary, stasis, torment immunity, boosted hp, sickness immunity, AC +7,
negative energy resistance 1, (electricity resistance), torment resistance 1,
petrification resistance
a: no special abilities


You were on level 8 of the Dungeon.
You were a tree.
You visited 2 branches of the dungeon, and saw 9 of its levels.
You also visited: Ossuary.

You collected 377 gold pieces.

Inventory:

Hand Weapons
 a - a +1 flail (weapon)
Armour
 c - a +0 buckler (worn)
 g - a +0 plate armour (melded)
 o - a +1 cloak (melded)
Jewellery
 m - an amulet of the acrobat (around neck)
 t - a +6 ring of dexterity (left branch)
 w - a +5 ring of evasion (right branch)
Wands
 b - a wand of acid (13)
 h - a wand of digging (5)
 s - a wand of flame (34)
Scrolls
 d - a scroll of enchant armour
 f - a scroll of fear
 i - 2 scrolls of teleportation
 k - a scroll of noise
 l - a scroll of fog
Potions
 e - 3 potions of lignification
 j - 2 potions of cancellation
 n - 2 potions of haste
 q - a potion of curing
 r - 3 potions of brilliance
 v - a potion of ambrosia


   Skills:
 * Level 10.3 Fighting
 + Level 6.5 Maces & Flails
 + Level 7.7 Armour
 + Level 7.6 Shields


You had 9 spell levels left.
You didn't know any spells.
Your spell library contained the following spells:

 Spells                   Type           Power      Damage    Failure   Level
 Slow                     Hex            0%         N/A       45%         1
 Confusing Touch          Hex            0%         N/A       83%         3
 Ignite Poison            Fire/Tmut/Pois 0%         N/A       83%         3
 Vampiric Draining        Necr           0%         2d6       83%         3
 Sticky Flame             Conj/Fire      0%         2d3       99%         4
 Ignition                 Fire           0%         3d3       100%        8


Dungeon Overview and Level Annotations

Branches:
Dungeon (8/15)             Temple (1/1) D:6         Ossuary (visited)
   Lair: D:8-11

Altars:
Cheibriados
Dithmenos
Fedhas
Kikubaaqudgha
Makhleb
Nemelex Xobeh
Qazlal
Ru
Sif Muna
Trog
Uskayaw
Vehumet
Wu Jian
Xom
Yredelemnul

Shops:
D:7 =

Annotations:
D:6 2 transporters, Zebulonius's ghost, novice MiBe


Innate Abilities, Weirdness & Mutations

You are a tree.
Your roots penetrate the ground, keeping you stationary.
You cannot be teleported.
You are immune to unholy pain and torment.
Your maximum health is greatly increased.
Your equipment is partially melded.
You are immune to sickness and miasma.
((Your stone body is resilient. (AC +7)))
You are immune to poison.
You resist negative energy. (rN+)
((You are resistant to electric shocks. (rElec)))
You are resistant to unholy torment.
You are immune to petrification.


Message History

Something hits you but does no damage.
The kobold brigand hits you but does no damage.
You hit the gargoyle but do no damage.
The gargoyle is almost destroyed.
The gargoyle hurls a stone arrow at you.
The stone arrow hits you.
* * * LOW HITPOINT WARNING * * *
You hear some strange, mumbled words.
You are confused.
The kobold brigand hits you but does no damage.
You feel much better. The gargoyle hits you with a +0 flail!
* * * LOW HITPOINT WARNING * * *
Something hits you.
* * * LOW HITPOINT WARNING * * *
The kobold brigand hits you but does no damage.
The wyvern bites you!
* * * LOW HITPOINT WARNING * * *
You feel much better.
The wyvern bites you but does no damage.
The gargoyle hits you with a +0 flail. Something hits you but does no damage.
A kobold comes into view. It is wielding a +0 dagger.
The kobold brigand hits you but does no damage.
You feel protected.
The kobold shouts!
You hear a shout!
The wyvern bites you!
* * * LOW HITPOINT WARNING * * *
The gargoyle hurls a stone arrow at you.
The stone arrow hits you!!
* * * LOW HITPOINT WARNING * * *
Something hits you but does no damage.
The kobold brigand hits you but does no damage.
The wyvern bites you but does no damage.
You hear a shout!
You feel better. The wyvern bites you.
* * * LOW HITPOINT WARNING * * *
The gargoyle hurls a stone arrow at you.
The stone arrow hits you!
* * * LOW HITPOINT WARNING * * *
Something hits you.
You die...

#### ...##
#...# #
###...######
..##..........#
...............
#...9..K...#
#.♣K# #.{l#
##.## #.# #..
... ... #..#


You could see a wyvern, a gargoyle, a kobold brigand and a kobold.

Vanquished Creatures
  Grinder (D:3)
  2 steam dragons (D:7)
  A water moccasin (D:5)
  An acid dragon (D:7)
  2 sky beasts (D:7)
  4 black bears
  An ice beast (D:5)
  An ogre (D:4)
  A phantom (D:5)
  4 elf zombies (Ossuary)
  5 bullfrogs
  4 scorpions
  4 howler monkeys (D:7)
  2 centaur zombies (Ossuary)
  2 orc priests
  A jelly (D:6)
  A gnoll bouda (D:5)
  6 hounds
  3 human zombies
  Jessica (D:2)
  4 iguanas
  6 orc wizards
  2 hound zombies (Ossuary)
  3 mummies (Ossuary)
  5 gnolls (D:5)
  7 adders
  A shadow imp (D:6)
  A white imp (D:6)
  2 ufetubi
  5 adder zombies (Ossuary)
  5 worms
  4 dart slugs
  14 orcs
  3 bats
  11 endoplasms
  5 giant cockroaches
  5 goblins
  8 hobgoblins
  9 quokkas
  5 ball pythons
  3 frilled lizards
  3 goblin zombies (Ossuary)
  A hobgoblin zombie (Ossuary)
  A jackal zombie (Ossuary)
  8 kobolds
  4 kobold zombies (Ossuary)
  4 quokka zombies (Ossuary)
  9 rats
  6 rat zombies (Ossuary)
191 creatures vanquished.

Vanquished Creatures (others)
  A withered plant (D:4)
1 creature vanquished.

Grand Total: 192 creatures vanquished

Notes
Turn   | Place    | Note
-------+----------+-------------------------------------------
     0 | D:1      | vineage the Gargoyle Fighter began the quest for the Orb.
     0 | D:1      | Reached XP level 1. HP: 14/14 MP: 1/1
   134 | D:1      | Reached XP level 2. HP: 18/19 MP: 2/2
   828 | D:2      | Noticed Jessica
   831 | D:2      | Reached XP level 3. HP: 24/24 MP: 3/3
   832 | D:2      | Killed Jessica
   833 | D:2      | Reached skill level 4 in Fighting
   932 | D:2      | Reached XP level 4. HP: 29/29 MP: 4/4
  1110 | D:2      | Found a hide-covered altar of Uskayaw.
  2010 | D:3      | Noticed Grinder
  2021 | D:3      | Killed Grinder
  2022 | D:3      | Reached skill level 5 in Fighting
  2022 | D:3      | Reached XP level 5. HP: 22/35 MP: 5/5
  2022 | D:3      | Reached XP level 6. HP: 25/40 MP: 6/6
  2293 | D:4      | Found a sand-covered staircase.
  2326 | Ossuary  | Entered an ossuary
  2395 | Ossuary  | Reached skill level 6 in Fighting
  2395 | Ossuary  | Reached XP level 7. HP: 46/46 MP: 7/7
  2644 | Ossuary  | Reached skill level 5 in Shields
  2652 | Ossuary  | Reached skill level 5 in Armour
  2862 | Ossuary  | Reached XP level 8. HP: 51/52 MP: 8/8
  3003 | D:4      | Identified the +1 leather armour of Kaseug {Dex+7}
  3207 | D:4      | Reached skill level 7 in Fighting
  3426 | D:4      | Found an ancient bone altar of Kikubaaqudgha.
  3657 | D:4      | Found a bloodstained altar of Trog.
  3868 | D:5      | Entered Level 5 of the Dungeon
  4027 | D:5      | Reached skill level 5 in Maces & Flails
  4033 | D:5      | Found a sacrificial altar of Ru.
  4113 | D:5      | Reached skill level 8 in Fighting
  4311 | D:5      | Reached XP level 9. HP: 60/60 MP: 9/9
  4814 | D:6      | Found a transporter.
  5018 | D:6      | Reached skill level 9 in Fighting
  5042 | D:6      | Noticed Zebulonius's ghost (novice MiBe)
  5043 | D:6      | Found a transporter.
  5293 | D:6      | Found a staircase to the Ecumenical Temple.
  5640 | D:7      | Found a radiant altar of Vehumet.
  5846 | D:7      | Found Ategeh's Jewellery Shoppe.
  5922 | D:7      | Reached skill level 10 in Fighting
  6145 | D:7      | Reached XP level 10. HP: 63/68 MP: 10/10
  6176 | D:7      | Identified the +2 robe "Qeetuoz" {+Blink Str-5 Dex+3}
  6453 | Temple   | Entered the Ecumenical Temple
  6453 | Temple   | Found a transporter.
  6453 | Temple   | Found a transporter.
  6455 | Temple   | Found a transporter.
  6455 | Temple   | Found a transporter.
  6561 | D:8      | Noticed a gargoyle
  6594 | D:8      | HP: 2/102 [gargoyle/stone arrow (12)]
  6594 | D:8      | Slain by an orc wizard

Illustrated notes

Levels and vault maps discovered:
D:1:      mushboom_english_gardens, layout_loops_ring, serial_bayou_pond_e,
          chequers_serial_rivers_micro_a
D:2:      minmay_recursive_quarters, layout_basic, basic_altar, uniq_jessica
D:3:      layout_loops_corners, uniq_grinder
D:4:      layout_basic, kiku_gazebo_garden_becter, trog_ov_bears_minmay,
          gup_sewer_entry_pipe, enter_ossuary_3
D:5:      layout_basic, marbit_many_paths
D:6:      layout_cave_pools, temple_hall, gammafunk_ghost_stat_death
D:7:      kennysheep_spiral_hall, layout_gridville,
          mainiacjoe_overflow_alcove_2, vehumet_crystals, serial_shops,
          nicolae_take_the_stairs, minmay_misc_feat_cross,
          grunt_decor_mini_mirrors, uniq_menkaure
D:8:      layout_loops_ring, enter_bailey_3, nicolae_hexahallways,
          kennysheep_generic_room_11
Temple:   hellmonk_temple_divided_pantheon

Skill      XL: |  1  2  3  4  5  6  7  8  9 |
---------------+----------------------------+-----
Fighting       | 4 5 6 8 10 | 10.3
Maces & Flails | 3 4 5 6 |  6.5
Armour         | 4 5 6 7 |  7.7
Shields        | 4 5 6 7 |  7.6

Action                     |  1- 3 |  4- 6 |  7- 9 | 10-12 || total
---------------------------+-------+-------+-------+-------++-------
  Melee: Flail             |    82 |   139 |   559 |    45 ||   825
    Use: Scroll            |     6 |     7 |     6 |     1 ||    20
         Potion            |       |     1 |     1 |     5 ||     7
 Armour: Scale mail        |     4 |       |       |       ||     4
         Plate armour      |    58 |   123 |   540 |    18 ||   739
         Skin              |       |       |       |    31 ||    31
  Dodge: Dodged            |    16 |    46 |   199 |    11 ||   272
  Block: Buckler           |    10 |    31 |   160 |    19 ||   220

Table legend: (Time is in decaauts)
 A = Elapsed time spent in this place.
 B = Non-inter-level travel time spent in this place.
 C = Inter-level travel time spent in this place.
 D = Time resting spent in this place.
 E = Time spent auto-exploring this place.
 F = Levels seen in this place.
 G = Mean time per level.
                   A        B        C        D        E       F      G
               +--------+--------+--------+--------+--------+-----+--------+
         Total |   6791 |   6448 |    343 |    292 |   4548 |  10 |  679.1 |
       Dungeon |   6106 |   5776 |    330 |    206 |   4310 |   8 |  763.2 |
        Temple |     33 |     20 |     13 |      0 |      6 |   1 |   33.0 |
       Ossuary |    651 |    651 |      0 |     86 |    232 |   1 |  651.0 |
               +--------+--------+--------+--------+--------+-----+--------+

Top non-repeatable levels by time:
     D:4: 1042 daAuts
     D:5: 973 daAuts
     D:7: 939 daAuts
     D:3: 877 daAuts
     D:6: 811 daAuts
     D:1: 743 daAuts
     D:2: 692 daAuts
 Ossuary: 651 daAuts
  Temple: 33 daAuts
     D:8: 26 daAuts
